 Dungeon Crawl Stone Soup version 0.29.0-4-gdea44cf6ec (webtiles) character file.

Game seed: 3564221360009439517

47 qw the Ruffian (level 3, -4/28 HPs)
             Began as a Ghoul Fire Elementalist on Aug 29, 2022.
             Slain by an orc
             ... wielding a +0 war axe
              (7 damage)
             ... on level 3 of the Dungeon.
             The game lasted 00:01:28 (2576 turns).

qw the Ruffian (Ghoul Fire Elementalist)            Turns: 2576, Time: 00:01:29

Health: -4/28      AC: 11    Str: 13    XL:     3   Next: 70%
Magic:  4/4        EV:  5    Int: 10    God:
Gold:   92         SH:  0    Dex:  9    Spells: 4/5 levels left

rFire   . . .      SeeInvis .     - Unarmed
rCold   + . .      Faith    .   (no shield)
rNeg    + + +      Spirit   .   j - +0 chain mail
rPois   inf        Reflect  .   (no helmet)
rElec   .          Harm     .   d - +1 cloak
rCorr   .          Rampage  .   b - +0 pair of gloves
Will    .....                   (no boots)
Stlth   ..........              (no amulet)
HPRegen 0.00/turn               (no ring)
MPRegen 0.09/turn               (no ring)

@: about to teleport, inhibited regen
A: claws 1, cold resistance 1, negative energy resistance 3, inhibited
regeneration, torment resistance 2, devour on kill
a: no special abilities


You were on level 3 of the Dungeon.
You visited 1 branch of the dungeon, and saw 3 of its levels.

You collected 92 gold pieces.


Innate Abilities, Weirdness & Mutations

You are immune to poison.
You have sharp fingernails.
Your flesh is cold resistant. (rC+)
You are immune to negative energy. (rN+++)
You do not regenerate when monsters are visible.
You are immune to unholy pain and torment.
You thrive by killing the living.


   Skills:
 - Level 1.0 Fighting
 + Level 0.0 Armour
 - Level 1.7 Dodging
 - Level 2.1 Stealth
 - Level 3.2 Unarmed Combat
 - Level 1.7 Spellcasting
 - Level 0.7 Conjurations
 - Level 2.4 Fire Magic


You had 4 spell levels left.
You knew the following spells:

 Your Spells              Type           Power      Damage    Failure   Level
a - Foxfire               Conj/Fire      16%        2x1d4     99%         1

Your spell library contained the following spells:

 Spells                   Type           Power      Damage    Failure   Level
 Scorch                   Fire           10%        2d5       100%        2
 Conjure Flame            Conj/Fire      4%         6-21      100%        3
 Inner Flame              Hex/Fire       3%         N/A       100%        3
 Flame Wave               Conj/Fire      4%         2d5       100%        4

Inventory:

Armour
 b - a +0 pair of gloves (worn)
 d - a +1 cloak (worn)
 j - a +0 chain mail (worn)
Scrolls
 a - 5 scrolls of teleportation
 Y - 3 scrolls of identify
Potions
 e - a potion of mutation
 i - 2 potions of curing

Dungeon Overview and Level Annotations

Branches:
Dungeon (3/15)

Altars:


Message History

An orc comes into view. It is wielding a +0 mace of holy wrath.
The orc shouts!
You hit the orc.
The orc is severely wounded.
The orc closely misses you. The rat closely misses you.
You hit the orc but do no damage.
The orc is severely wounded.
The orc hits you with a +0 trident!
The rat twitches its whiskers.
The rat bites you but does no damage.
You hit the orc but do no damage.
The orc is severely wounded.
The orc hits you but does no damage. The rat bites you but does no damage.
The dart slug bites you but does no damage.
You closely miss the orc.
The orc is severely wounded.
The orc hits you but does no damage. x2; The rat bites you but does no damage.
You closely miss the orc.
The orc is severely wounded.
The dart slug closely misses you. The orc hits you but does no damage.
The orc hits you from afar with a +0 trident.
The rat bites you but does no damage.
You barely miss the orc.
The orc is severely wounded.
The orc hits you from afar with a +0 trident.
The rat bites you but does no damage.
The dart slug bites you but does no damage.
2573 ||| Stepping ~*~*~tactically~*~*~ (outnumbered).
The rat attacks as you move away! The rat bites you but does no damage.
There is a stone staircase leading up here.
You hit the rat.
You kill the rat!
You hit the orc.
The orc is heavily wounded.
The orc hits you with a +0 war axe.
2576 ||| READING 6 scrolls of teleportation.
As you read the scroll of teleportation, it crumbles to dust.
You feel strangely unstable. The orc hits you with a +0 war axe!
You die...

)... ... ....
.. # ..... ..
..
#.#..###.###..#
...)...........
......oo.......
).....row.....#
#o# #@# #.# #.#
#..# .....
###.### .# .#
.#


You could see a dart slug, 4 orcs and a rat.

Vanquished Creatures
  2 adders (D:2)
  A worm (D:2)
  A dart slug (D:2)
  2 endoplasms (D:2)
  3 goblins
  3 hobgoblins
  A kobold (D:2)
  3 ball pythons
  2 bats
  2 frilled lizards (D:2)
  6 rats
26 creatures vanquished.

Notes
Turn   | Place    | Note
-------+----------+-------------------------------------------
     0 | D:1      | qw the Ghoul Fire Elementalist began the quest for the Orb.
     0 | D:1      | Reached XP level 1. HP: 14/14 MP: 2/2
     0 | D:1      | 0 ||| qw: Version: 0.1-a-90-g952f4b7
     0 | D:1      | 0 ||| qw: Game counter: 4185
     0 | D:1      | 0 ||| qw: Always use a shield: true
     0 | D:1      | 0 ||| qw: God list: Okawaru
     0 | D:1      | 0 ||| qw: Allow faded altars: false
     0 | D:1      | 0 ||| qw: Do Orc after D:15 true
     0 | D:1      | 0 ||| qw: Do second Lair branch before Depths: true
     0 | D:1      | 0 ||| qw: Lair rune preference: random
     0 | D:1      | 0 ||| qw: Plans: Normal
     0 | D:1      | 0 ||| PLANNING D:1-11
   561 | D:1      | Reached skill level 1 in Unarmed Combat
   660 | D:1      | 660 ||| Stepping ~*~*~tactically~*~*~ (stealth).
   824 | D:1      | Reached skill level 1 in Fighting
   824 | D:1      | Reached XP level 2. HP: 23/23 MP: 3/3
   992 | D:1      | 992 ||| UPGRADING to +0 scale mail.
  1002 | D:1      | 1002 ||| DROPPING +0 robe.
  1003 | D:1      | 1003 ||| READING scroll labelled XAEXUMAKK UGUVVYL.
  1004 | D:1      | 1004 ||| READING scroll labelled OTULUOLASA.
  1008 | D:1      | 1008 ||| READING scroll labelled PUOCSI DIPTOM.
  1009 | D:1      | 1009 ||| DROPPING potion of magic.
  1426 | D:2      | Reached skill level 2 in Unarmed Combat
  1530 | D:2      | Reached XP level 3. HP: 24/28 MP: 4/4
  1662 | D:2      | 1662 ||| Stepping ~*~*~tactically~*~*~ (stealth).
  1668 | D:2      | 1668 ||| Stepping ~*~*~tactically~*~*~ (outnumbered).
  1675 | D:2      | 1675 ||| Stepping ~*~*~tactically~*~*~ (stealth).
  1684 | D:2      | 1684 ||| FLEEEEING.
  1700 | D:2      | 1700 ||| Stepping ~*~*~tactically~*~*~ (hiding).
  1736 | D:2      | Reached skill level 3 in Unarmed Combat
  2516 | D:2      | 2516 ||| UPGRADING to +0 pair of gloves.
  2521 | D:2      | 2521 ||| UPGRADING to +1 cloak.
  2526 | D:2      | 2526 ||| UPGRADING to +0 chain mail.
  2536 | D:2      | 2536 ||| DROPPING +0 scale mail.
  2537 | D:2      | 2537 ||| READING 2 scrolls labelled SUHEUH ISICOSO.
  2538 | D:2      | 2538 ||| READING 6 scrolls labelled TUNOHUU APUR.
  2539 | D:2      | 2539 ||| DRINKING 3 yellow potions.
  2540 | D:2      | 2540 ||| READING 5 scrolls of identify.
  2540 | D:2      | 2540 ||| IDENTIFYING glowing inky potion
  2541 | D:2      | 2541 ||| READING 4 scrolls of identify.
  2541 | D:2      | 2541 ||| IDENTIFYING amethyst potion
  2542 | D:2      | 2542 ||| DROPPING scroll of butterflies.
  2543 | D:2      | 2543 ||| DROPPING potion of ambrosia.
  2558 | D:3      | 2558 ||| Stepping ~*~*~tactically~*~*~ (hiding).
  2560 | D:3      | 2560 ||| Stepping ~*~*~tactically~*~*~ (hiding).
  2573 | D:3      | 2573 ||| Stepping ~*~*~tactically~*~*~ (outnumbered).
  2575 | D:3      | HP: 3/28 [orc/+0 war axe (5)]
  2576 | D:3      | 2576 ||| READING 6 scrolls of teleportation.
  2576 | D:3      | Slain by an orc

Levels and vault maps discovered:
D:1:      saegor_arrival_simple_a, layout_loops_ring
D:2:      layout_basic, minmay_randomly_rotated_circles
D:3:      layout_loops_ring, mainiacjoe_overflow_alcove_2, serial_shops,
          nicolae_shop_window_shopping, st_stairs_3, minmay_rat_hole

Skill      XL: |  1  2  3 |
---------------+----------+-----
Unarmed Combat | 1 2 3 |  3.2
Fighting       | 1 |  1.0
Dodging        | |  1.7
Stealth        | |  2.1
Spellcasting   | |  1.7
Conjurations   | |  0.7
Fire Magic     | |  2.4

Action                   || total
-------------------------++-------
Melee: Unarmed           ||   136
  Use: Scroll            ||     8
       Potion            ||     1
Armor: Robe              ||     3
       Scale mail        ||    41
       Chain mail        ||    18
Dodge: Dodged            ||    42

Table legend:
 A = Non-vault XP
 B = Vault XP
 C = Vault XP percentage of total XP
 D = Non-vault monster count
 E = Vault monster count
 F = Vault count percentage of total count
                 A         B        C        D         E       F
            +---------+---------+-------+---------+---------+-------
      Total |      41 |      27 |  39.7 |      20 |       6 |  23.1
            +---------+---------+-------+---------+---------+-------
        D:1 |      10 |       0 |   0.0 |       7 |       0 |   0.0
        D:2 |      30 |      27 |  47.4 |      12 |       6 |  33.3
        D:3 |       1 |       0 |   0.0 |       1 |       0 |   0.0
            +---------+---------+-------+---------+---------+-------
